 Dungeon Crawl Stone Soup version 0.29.1-13-g9f3cf754e1 (webtiles) character file.

Game seed: 53283827581526004

81 cdecastro the Insei (level 4, -1/34 HPs)
             Began as a Demigod Transmuter on Jan 21, 2023.
             Slain by Terence
             ... wielding a +0 hand axe
              (7 damage)
             ... on level 2 of the Dungeon.
             The game lasted 00:03:04 (2079 turns).

cdecastro the Insei (Demigod Transmuter)            Turns: 2079, Time: 00:03:05

Health: -1/34      AC:  2    Str: 11    XL:     4   Next: 0%
Magic:  8/9        EV: 12    Int: 19    God:
Gold:   119        SH:  0    Dex: 14    Spells: 5/6 levels left

rFire   . . .      SeeInvis .     - Unarmed
rCold   . . .      Faith    .   (no shield)
rNeg    . . .      Spirit   .   a - +0 robe
rPois   .          Reflect  .   (helmet currently unavailable)
rElec   .          Harm     .   (no cloak)
rCorr   .          Rampage  .   (no gloves)
Will    .....                   (boots currently unavailable)
Stlth   +.........              (no amulet)
HPRegen 0.11/turn               (no ring)
MPRegen 0.11/turn               (no ring)

@: appendages (expiring)
A: horns 2, talons 2, high MP 1, forlorn, divine attributes
a: End Transformation


You were on level 2 of the Dungeon.
You had temporarily grown beastly horns and talons.
You visited 1 branch of the dungeon, and saw 2 of its levels.

You collected 119 gold pieces.

Inventory:

Missiles
 l - 4 poisoned darts
 o - 2 boomerangs
 q - 4 javelins
Armour
 a - a +0 robe (worn)
 p - a +0 helmet
Scrolls
 c - a scroll of vulnerability {unknown}
 d - 2 scrolls of identify {unknown}
 f - a scroll of brand weapon {unknown}
 n - a scroll of noise {unknown}
Potions
 b - a potion of lignification
 e - a potion of degeneration {unknown}
 g - 3 potions of invisibility {unknown}
 h - a potion of mutation {unknown}
 i - a potion of curing {unknown}
 j - a potion of ambrosia {unknown}
 k - a potion of berserk rage {unknown}
 m - 2 potions of haste {unknown}


   Skills:
 - Level 0.8 Fighting
 - Level 1.7 Dodging
 * Level 4.1 Unarmed Combat
 - Level 1.7 Spellcasting
 + Level 2.6 Transmutations


You had 5 spell levels left.
You knew the following spells:

 Your Spells              Type           Power      Damage    Failure   Level
a - Beastly Appendage     Tmut           22%        N/A       6%          1

Your spell library contained the following spells:

 Spells                   Type           Power      Damage    Failure   Level
 Wereblood                Tmut           11%        N/A       9%          2
 Foxfire                  Conj/Fire      4%         2x1d4     17%         1
 Spider Form              Tmut/Pois      6%         N/A       30%         3
 Conjure Flame            Conj/Fire      1%         6-21      45%         3
 Inner Flame              Hex/Fire       1%         N/A       45%         3
 Ice Form                 Ice/Tmut       6%         N/A       69%         4
 Flame Wave               Conj/Fire      1%         2d4       86%         4


Dungeon Overview and Level Annotations

Branches:
Dungeon (2/15)

Annotations:
D:2 Terence


Innate Abilities, Weirdness & Mutations

You have temporarily grown beastly horns and talons.
You have an increased reservoir of magic. (+10% MP)
You shall have no god before yourself.
Your divine heritage dramatically boosts your attributes as you level up.


Message History

The adder is almost dead.
The adder bites you.
You punch the adder!
You kill the adder!
You have reached level 4!
You closely miss Terence. Terence barely misses you.
You hit Terence. Your kick misses Terence.
Terence is lightly wounded.
Terence hits you with a +0 hand axe.
You hit Terence but do no damage. You claw Terence, but do no damage.
Terence is lightly wounded.
Terence barely misses you.
You hit Terence but do no damage.
Terence is lightly wounded.
Terence shouts, "Get ready for death!"
Terence hits you with a +0 hand axe.
You closely miss Terence. You claw Terence, but do no damage.
You headbutt Terence.
Terence is moderately wounded.
Terence shouts, "ATTACK!!!"
Terence hits you with a +0 hand axe.
You hit Terence but do no damage.
Terence is moderately wounded.
Terence hits you with a +0 hand axe!
* * * LOW HITPOINT WARNING * * *
You barely miss Terence. You headbutt Terence, but do no damage.
Terence is moderately wounded.
Your transformation is almost over.
Terence hits you with a +0 hand axe!
* * * LOW HITPOINT WARNING * * *
You hit Terence but do no damage. You claw Terence, but do no damage.
Terence is moderately wounded.
You closely miss Terence. You claw Terence, but do no damage.
Your headbutt misses Terence.
Terence is moderately wounded.
Terence closely misses you.
You hit Terence. Your kick misses Terence. You headbutt Terence.
Terence is heavily wounded.
Terence hits you with a +0 hand axe!
You die...

S.=. ##...######.## #...#
..#+#
#....†.......#####.### #.#
#####................. #.
##.##.#...#.#.####
#.....#.#..#.#### #
#.#.............# ###.
#K....#.#........ ....#
##@##.#...#.###..#
...#.#####@##.........†....
#........###.###...#......
###..#.#..#......###<.....
##...##.................
###.##...###########...
#.#..### #..# #.#.## #..#
###...### #..# ##.......##
#..#


You could see Terence and a kobold.

Vanquished Creatures
  3 adders (D:2)
  2 dart slugs (D:1)
  4 ball pythons
  4 endoplasms
  A giant cockroach (D:1)
  A goblin (D:1)
  3 hobgoblins
  6 jackals
  6 kobolds
  A quokka (D:2)
  7 bats
  5 frilled lizards (D:1)
  6 rats
49 creatures vanquished.

Notes
Turn   | Place    | Note
-------+----------+-------------------------------------------
     0 | D:1      | cdecastro the Demigod Transmuter began the quest for the
                  | Orb.
     0 | D:1      | Reached XP level 1. HP: 15/15 MP: 5/5
   322 | D:1      | Reached skill level 3 in Unarmed Combat
   338 | D:1      | Reached XP level 2. HP: 15/22 MP: 7/7
  1288 | D:2      | Reached XP level 3. HP: 27/27 MP: 6/8
  1350 | D:2      | Found Sumaim's General Store.
  1622 | D:2      | Reached skill level 4 in Unarmed Combat
  2047 | D:2      | Noticed Terence
  2070 | D:2      | Reached XP level 4. HP: 29/34 MP: 7/9
  2079 | D:2      | Slain by Terence

Illustrated notes

Levels and vault maps discovered:
D:1:      onia_arrival_pyramid, layout_basic
D:2:      layout_rooms, serial_shops, nicolae_shop_advertising_works
          [nicolae_subvault_shop_adworks], basic_altar, minmay_joined_circles,
          uniq_terence

Skill      XL: |  1  2  3 |
---------------+----------+-----
Unarmed Combat | 3 4 |  4.1
Transmutations | 2 |  2.6
Fighting       | |  0.8
Dodging        | |  1.7
Spellcasting   | |  1.7

Action                   |  1- 3 |  4- 6 || total
-------------------------+-------+-------++-------
Melee: Unarmed           |   118 |    10 ||   128
       Kick              |    20 |     4 ||    24
       Headbutt          |    10 |     3 ||    13
       Punch             |     4 |       ||     4
 Cast: Beastly Appendage |    23 |       ||    23
 Stab: Sleeping          |     1 |       ||     1
Armor: Robe              |    25 |       ||    25
Dodge: Dodged            |    73 |     3 ||    76
